 Dungeon Crawl Stone Soup version 0.29.1-12-g30fa7ad0bf (webtiles) character file.

Game seed: 2782198485077212707

2281 xzight the Trooper (level 9, -1/123 HPs)
             Began as an Ogre Air Elementalist on Dec 26, 2022.
             Was a Believer of Hepliaklqana.
             Succumbed to Grum's poison
             ... on level 8 of the Dungeon.
             The game lasted 00:21:21 (9366 turns).

xzight the Trooper (Ogre Air Elementalist)          Turns: 9366, Time: 00:21:22

Health: -1/123     AC: 24    Str: 14    XL:     9   Next: 39%
Magic:  26/27      EV:  1    Int: 20    God:    Hepliaklqana [**....]
Gold:   438        SH:  5    Dex:  9    Spells: 11/21 levels left

rFire   . . .      SeeInvis .   g - +1 spear (flame)
rCold   . . .      Faith    .   (no shield)
rNeg    . . .      Spirit   .   (body armour currently unavailable)
rPois   +          Reflect  +   (helmet currently unavailable)
rElec   .          Harm     .   (cloak currently unavailable)
rCorr   .          Rampage  .   (gloves unavailable)
Will    .....      NoTele   +   (boots unavailable)
Stlth   +.........              v - amulet of reflection
HPRegen 0.30/turn               M - ring of magical power
MPRegen 0.20/turn               (no ring)

@: lethally poisoned (-1 -> -8), tree-form, weak-willed
A: stationary, stasis, torment immunity, boosted hp, reduced essence, large,
unfitting armour, (tough skin 1)
a: Renounce Religion, Recall Ancestor, Ancestor Identity


You were on level 8 of the Dungeon.
You worshipped Hepliaklqana.
Hepliaklqana was pleased with you.
You were a tree.
You visited 2 branches of the dungeon, and saw 9 of its levels.

You collected 438 gold pieces.


Innate Abilities, Weirdness & Mutations

You are a tree.
Your roots penetrate the ground, keeping you stationary.
You cannot be teleported.
You are immune to unholy pain and torment.
Your maximum health is greatly increased.
Your equipment is partially melded.
Your life essence is reduced to manifest your ancestor. (-10% HP)
You are too large for most types of armour.
((You have tough skin. (AC +1)))


   Skills:
 + Level 6.8 Fighting
 + Level 2.8 Dodging
 - Level 1.4 Stealth
 + Level 6.6 Spellcasting
 - Level 6.0 Conjurations
 + Level 6.4 Air Magic


You had 11 spell levels left.
You knew the following spells:

 Your Spells              Type           Power      Damage    Failure   Level
a - Shock                 Conj/Air       100%       1d9       1%          1
b - Static Discharge      Conj/Air       31%        3-7/arc   1%          2
c - Swiftness             Air            32%        N/A       2%          3
d - Airstrike             Air            16%        2d(3-19)  7%          4

Your spell library contained the following spells:

 Spells                   Type           Power      Damage    Failure   Level
 Conjure Flame            Conj/Fire      18%        6-21      9%          3
 Sticky Flame             Conj/Fire      18%        2d4       28%         4
 Ignite Poison            Fire/Tmut/Pois 6%         N/A       30%         3

Inventory:

Hand Weapons
 g - a +1 spear of flaming (weapon)
Missiles
 q - a throwing net {=f}
Armour
 a - a +0 robe (melded)
 w - a +2 cloak (melded)
Jewellery
 v - an amulet of reflection (around neck)
 C - a ring of ice
 F - a ring of fire
 M - a ring of magical power (left branch)
Wands
 p - a wand of flame (49)
 s - a wand of polymorph (9)
Scrolls
 d - a scroll of identify {@r1}
 e - 2 scrolls of amnesia
 f - 4 scrolls of magic mapping
 h - a scroll of teleportation {@r2}
 i - a scroll of enchant weapon
 j - a scroll of poison {unknown}
 u - a scroll of enchant armour
Potions
 b - 3 potions of magic
 c - 4 potions of attraction
 k - 4 potions of degeneration
 m - a potion of haste {@q3}
 o - a potion of lignification
 t - 2 potions of flight

Dungeon Overview and Level Annotations

Branches:
Dungeon (8/15)             Temple (1/1) D:4
   Lair: D:8-11

Altars:
Ashenzari
Cheibriados
Dithmenos
Gozag
Hepliaklqana
Makhleb
Qazlal
Ru
Sif Muna
Trog
Uskayaw
Vehumet
Wu Jian
Xom

Shops:
D:3 [

Annotations:
D:2 1 runed translucent door, Crazy Yiuf
D:5 Eustachio
D:7 Prince Ribbit
D:8 Grum

###########'#<...#
#..............#.###
#....................
#............########
#.................... ###
##..........§######### hh####
#.........)§.........
#hhR.###.......§§§§.........
###...##.......§♣§§............
#.g..#.......§§§§#..........#
#....#.......§.§§#.#######..#
#....#...........#.# ....#
#................#.# #...#
#...##...........#.# #...#
#...##...........#.# #...#
#...###'##########.######...#
######..........##..........# .


There were no monsters in sight!


Message History

You feel sick.
The wolf misses Tawil.
Tawil hits the wolf with a +0 flail!
Grum hits you from afar with a +1 spear of venom!
* * * LOW HITPOINT WARNING * * *
You are lethally poisoned!
Okay, then.
Your surroundings suddenly seem different.
* * * LOW HITPOINT WARNING * * *
You feel extremely sick.
Really quaff the potion of lignification?
You turn into a tree.
Your +2 cloak melds into your body.
Your +0 robe melds into your body.
Your roots penetrate the ground.
* * * LOW HITPOINT WARNING * * *
You feel very sick.
Okay, then.
As you read the scroll labelled ICWUETEUWU, it crumbles to dust.
The scroll dissolves into smoke.
It was a scroll of fog.
* * * LOW HITPOINT WARNING * * *
You feel very sick.
As you read the scroll labelled LAINYETTEE, it crumbles to dust.
It is a scroll of brand weapon.
Your +1 spear is engulfed in flames!
g - a +1 spear of flaming (weapon)
* * * LOW HITPOINT WARNING * * *
You feel very sick.
As you read the scroll labelled OPHUON NAOQESH, it crumbles to dust.
Magic quickly surges around you.
It was a scroll of vulnerability.
* * * LOW HITPOINT WARNING * * *
You feel very sick.
Unknown command.
You die...

Skill      XL: |  1  2  3  4  5  6  7  8  9 |
---------------+----------------------------+-----
Spellcasting   | 3 4 5 6 |  6.6
Conjurations   | 1 2 3 5 6 |  6.0
Fighting       | 1 2 3 5 6 |  6.8
Air Magic      | 3 4 6 |  6.4
Dodging        | 2 |  2.8
Stealth        | |  1.4

Action                   |  1- 3 |  4- 6 |  7- 9 || total
-------------------------+-------+-------+-------++-------
Melee: Unarmed           |    27 |       |       ||    27
       Punch             |     1 |       |       ||     1
       Spear             |       |    10 |       ||    10
 Cast: Shock             |    84 |   102 |   108 ||   294
       Static Discharge  |     5 |    20 |    14 ||    39
Invok: Ancestor Life: Kn |       |       |     1 ||     1
  Use: Scroll            |       |       |    15 ||    15
       Potion            |       |       |     1 ||     1
 Stab: Distracted        |       |     1 |       ||     1
Armor: Robe              |    33 |    10 |     3 ||    46
Dodge: Dodged            |    32 |    15 |     2 ||    49

Levels and vault maps discovered:
D:1:      dpeg_arrival_lava_temple_mockup, layout_basic,
          chequers_ecumenical_altar_island
D:2:      layout_rooms, serial_bayou_pond_a, minmay_box_of_dots,
          uniq_crazy_yiuf_cottage
D:3:      layout_loops_ring, serial_glass, glass_columns_a, glass_columns_b,
          glass_columns_a, glass_columns_b, glass_columns_a, glass_columns_b,
          feat_on_display, feat_on_display, feat_on_display, item_on_display_a,
          serial_shops, shop, kennysheep_generic_room_4, uniq_terence
D:4:      layout_basic, mainiacjoe_overflow_alcove_4,
          minmay_temple_entry_glassed_door, uniq_ijyb
D:5:      layout_cave_pods, uniq_eustachio
D:6:      layout_rooms, minmay_small_thing, uniq_blork_the_orc
D:7:      layout_loops_ring, kennysheep_cluttered_room, uniq_prince_ribbit1,
          uniq_joseph, uniq_menkaure
D:8:      layout_basic, grunt_temple_overflow_open, st_stairs_2,
          grunt_potential, uniq_grum
Temple:   nicolae_temple_god_jail

Notes
Turn   | Place    | Note
-------+----------+-------------------------------------------
     0 | D:1      | xzight the Ogre Air Elementalist began the quest for the
                  | Orb.
     0 | D:1      | Reached XP level 1. HP: 16/16 MP: 3/3
   462 | D:1      | Reached skill level 3 in Spellcasting
   519 | D:1      | Reached XP level 2. HP: 24/24 MP: 3/6
   712 | D:1      | Found a faded altar of an unknown god.
  1119 | D:1      | Reached XP level 3. HP: 31/31 MP: 5/8
  1208 | D:1      | Learned a level 2 spell: Static Discharge
  1212 | D:1      | Learned a level 3 spell: Swiftness
  1390 | D:1      | Reached skill level 4 in Spellcasting
  1679 | D:2      | Reached skill level 1 in Conjurations
  1971 | D:2      | Reached skill level 1 in Fighting
  2083 | D:2      | You fall into a shaft and drop 2 floors!
  2191 | D:3      | Found Renit's Antique Armour Shoppe.
  2341 | D:3      | Reached XP level 4. HP: 38/41 MP: 2/10
  2629 | D:3      | Reached skill level 3 in Air Magic
  2810 | D:3      | Reached skill level 2 in Fighting
  2903 | D:3      | Reached XP level 5. HP: 49/49 MP: 4/11
  3196 | D:3      | Noticed Terence
  3201 | D:3      | Killed Terence
  4017 | D:2      | Found a runed translucent door.
  4018 | D:2      | Noticed Crazy Yiuf
  4151 | D:4      | Reached skill level 2 in Conjurations
  4272 | D:4      | Found a staircase to the Ecumenical Temple.
  4301 | Temple   | Entered the Ecumenical Temple
  4381 | Temple   | Became a worshipper of Hepliaklqana the Forgotten
  4464 | D:4      | Found a hide-covered altar of Uskayaw.
  4973 | D:4      | Noticed Ijyb
  4979 | D:4      | Killed Ijyb
  4980 | D:4      | Reached skill level 3 in Fighting
  4980 | D:4      | Reached XP level 6. HP: 56/61 MP: 5/13
  5362 | D:4      | Learned a level 4 spell: Airstrike
  5396 | D:5      | Entered Level 5 of the Dungeon
  5595 | D:5      | Reached skill level 5 in Spellcasting
  5817 | D:5      | Reached XP level 7. HP: 62/68 MP: 9/14
  5952 | D:5      | Identified the +0 leather armour of Idealism {Str+6 Int-5}
  6061 | D:5      | Noticed Eustachio
  6119 | D:5      | Reached * piety under Hepliaklqana
  6132 | D:5      | Reached skill level 4 in Fighting
  6132 | D:5      | Reached skill level 4 in Air Magic
  6332 | D:5      | Reached skill level 3 in Conjurations
  7074 | D:6      | Reached skill level 5 in Fighting
  7075 | D:6      | Reached skill level 6 in Spellcasting
  7075 | D:6      | Reached XP level 8. HP: 55/72 MP: 0/17
  7242 | D:6      | Noticed Blork the orc
  7293 | D:6      | Reached skill level 4 in Conjurations
  7307 | D:6      | Killed Blork the orc
  7308 | D:6      | Reached skill level 5 in Air Magic
  7513 | D:6      | Noticed a troll
  7528 | D:6      | Killed a troll
  7529 | D:6      | Reached skill level 6 in Fighting
  7863 | D:7      | Reached skill level 5 in Conjurations
  8051 | D:7      | Reached skill level 6 in Air Magic
  8051 | D:7      | Reached XP level 9. HP: 80/80 MP: 11/18
  8185 | D:7      | Reached ** piety under Hepliaklqana
  8186 | D:7      | Remembered your ancestor Tawil as a knight
  8270 | D:7      | Reached skill level 6 in Conjurations
  8394 | D:7      | Reached skill level 2 in Dodging
  8402 | D:7      | Noticed Prince Ribbit
  8703 | D:7      | Noticed Menkaure
  8706 | D:7      | Killed Menkaure
  8706 | D:7      | Noticed Joseph
  8709 | D:7      | Killed Joseph
  9350 | D:8      | Noticed Grum
  9362 | D:8      | HP: 11/123 [poisoned by Grum]
  9364 | D:8      | HP: 4/123 [poisoned by Grum]
  9365 | D:8      | HP: 1/123 [poisoned by Grum]
  9366 | D:8      | Succumbed to Grum's poison

Vanquished Creatures
  Joseph (D:7)
  A troll (D:6)
  Menkaure (D:7)
  A water moccasin (D:6)
  An ice beast (D:7)
  A black bear (D:5)
  Blork the orc (D:6)
  A scorpion (D:5)
  A wight (D:7)
  6 killer bees (D:7)
  A howler monkey (D:6)
  A lava snake (D:7)
  4 hounds
  A jelly (D:5)
  4 orc priests
  3 orc wizards
  Ijyb (D:4)
  Terence (D:3)
  An iguana (D:5)
  8 adders
  A white imp (D:7)
  A worm (D:3)
  A dart slug (D:5)
  14 orcs
  9 bats
  8 endoplasms
  A giant cockroach (D:1)
  10 goblins
  6 hobgoblins
  2 jackals (D:4)
  2 quokkas (D:1)
  6 ball pythons
  6 frilled lizards
  11 kobolds
  2 rats
120 creatures vanquished.

Vanquished Creatures (collateral kills)
  A black bear (D:7)
  A necrophage (D:6)
  A scorpion (D:6)
  2 wights (D:7)
  A lava snake (D:7)
  An orc wizard (D:5)
  An iguana (D:7)
  An adder (D:5)
9 creatures vanquished.

Vanquished Creatures (others)
  2 ancestors
  6 fungi
8 creatures vanquished.

Grand Total: 137 creatures vanquished

Table legend: (Time is in decaauts)
 A = Elapsed time spent in this place.
 B = Non-inter-level travel time spent in this place.
 C = Inter-level travel time spent in this place.
 D = Time resting spent in this place.
 E = Time spent auto-exploring this place.
 F = Levels seen in this place.
 G = Mean time per level.
                   A        B        C        D        E       F      G
               +--------+--------+--------+--------+--------+-----+--------+
         Total |   9370 |   8981 |    389 |   1993 |   5974 |   9 | 1041.1 |
       Dungeon |   9278 |   8901 |    377 |   1993 |   5924 |   8 | 1159.8 |
        Temple |     92 |     80 |     12 |      0 |     50 |   1 |   92.0 |
               +--------+--------+--------+--------+--------+-----+--------+

Top non-repeatable levels by time:
     D:1: 1859 daAuts
     D:5: 1429 daAuts
     D:4: 1414 daAuts
     D:3: 1366 daAuts
     D:7: 1322 daAuts
     D:6: 1004 daAuts
     D:2: 758 daAuts
     D:8: 122 daAuts
  Temple: 92 daAuts

Table legend:
 A = Non-vault XP
 B = Vault XP
 C = Vault XP percentage of total XP
 D = Non-vault monster count
 E = Vault monster count
 F = Vault count percentage of total count
                 A         B        C        D         E       F
            +---------+---------+-------+---------+---------+-------
      Total |    2398 |     861 |  26.4 |     121 |       8 |   6.2
            +---------+---------+-------+---------+---------+-------
        D:1 |      41 |       0 |   0.0 |      27 |       0 |   0.0
        D:2 |      39 |       4 |   9.3 |      12 |       2 |  14.3
        D:3 |     101 |      36 |  26.3 |      17 |       1 |   5.6
        D:4 |     124 |      36 |  22.5 |      18 |       1 |   5.3
        D:5 |     561 |       0 |   0.0 |      21 |       0 |   0.0
        D:6 |     474 |     387 |  44.9 |       7 |       2 |  22.2
        D:7 |    1055 |     398 |  27.4 |      18 |       2 |  10.0
        D:8 |       3 |       0 |   0.0 |       1 |       0 |   0.0
            +---------+---------+-------+---------+---------+-------
